 Dungeon Crawl Stone Soup version 0.19.5 (webtiles) character file.

1379 Peloso the Slasher (level 8, -3/71 HPs)
             Began as a Minotaur Fighter on Apr 12, 2017.
             Slain by an orc warrior
             ... wielding a +2 scimitar of slicing
              (4 damage)
             ... on level 7 of the Dungeon.
             The game lasted 00:12:37 (5294 turns).

Peloso the Slasher (Minotaur Fighter)               Turns: 5294, Time: 00:12:38

Health: -3/71      AC: 14    Str: 21    XL:     8   Next: 39%
Magic:  7/7        EV:  5    Int:  8    God:
Gold:   431        SH: 11    Dex: 12    Spells: 0 memorised, 7 levels left

rFire  x . .     SeeInvis .     x - +2 falchion (holy)
rCold  + . .     Gourm    +     g - +1 plate armour
rNeg   . . .     Faith    .     c - +0 shield
rPois  .         Spirit   .     (helmet restricted)
rElec  .         Reflect  .     (no cloak)
rCorr  .         Harm     .     (no gloves)
MR     .....                    (no boots)
Stlth  ..........               C - amulet of the gourmand
                                E - ring of ice
                                y - +3 ring of intelligence

@: no status effects
A: retaliatory headbutt, horns 2
a: no special abilities


You were on level 7 of the Dungeon.
You were very full.

You visited 1 branch of the dungeon, and saw 7 of its levels.
You also visited: Sewer.

You collected 431 gold pieces.

Inventory:

Hand Weapons
 a - a +1 long sword
 x - a +2 falchion of holy wrath (weapon)
 A - a +3 trident
Armour
 b - a +0 scale mail
 c - a +0 shield (worn)
 g - a +1 plate armour (worn)
 G - a +0 chain mail
Jewellery
 y - a +3 ring of intelligence (left hand)
 C - an amulet of the gourmand (around neck)
 E - a ring of ice (right hand)
Wands
 r - a wand of iceblast (10/15)
 w - a wand of disintegration (24/24)
 B - a wand of iceblast (6/15)
 F - a wand of slowing (24/48)
Scrolls
 j - a scroll of fog {unknown}
 k - 4 scrolls of teleportation
 l - 5 scrolls of identify
 o - 8 scrolls of remove curse
 t - a scroll of enchant armour
 H - a scroll of recharging
Potions
 d - 2 potions of might
 e - a potion of resistance {unknown}
 m - a potion of agility
 n - a potion of brilliance
 p - 2 potions of cancellation
 s - 4 potions of flight
 v - a potion of cure mutation
 z - 4 potions of curing
 D - 2 potions of berserk rage {unknown}
Comestibles
 f - 7 bread rations
 h - a beef jerky
 i - 5 meat rations
 q - 4 fruits
 u - a slice of pizza


   Skills:
 + Level 6.6 Fighting
 + Level 7.4 Long Blades
 + Level 6.8 Armour
 + Level 0.9 Dodging
 + Level 7.1 Shields


You had 7 spell levels left.
You didn't know any spells.

Dungeon Overview and Level Annotations

Branches:
Dungeon (7/15)             Temple (0/1) D:6

Altars:
Ashenzari
Gozag
Nemelex Xobeh

Shops:
D:5 *


Innate Abilities, Weirdness & Mutations

You reflexively headbutt those who attack you in melee.
You have a pair of horns on your head.


Message History

The orc warrior is moderately wounded.
You block the orc warrior's attack.
You hit the orc warrior but do no damage.
Your headbutt misses the orc warrior.
The orc warrior is moderately wounded.
The orc warrior hits you but does no damage.
You barely miss the orc warrior. Your headbutt misses the orc warrior.
The orc warrior is moderately wounded.
The orc warrior hits you with a scimitar of slicing!
You hit the orc warrior.
The orc warrior is heavily wounded.
The orc warrior hits you with a scimitar of slicing!
* * * LOW HITPOINT WARNING * * *
x2 You hit the orc warrior but do no damage.
The orc warrior is heavily wounded.
You completely miss the orc warrior.
The orc warrior is heavily wounded.
The orc warrior hits you with a scimitar of slicing!
* * * LOW HITPOINT WARNING * * *
You die...

######## #......#
#.....(#####
############...........
..........>#...........
######.##.#............
#@##..............
#o#####...........
####{# #...........
#..oo# #...........
#....# #...........
#....# #...........
...o..o....#
#...........
....ยง......#
#...........
...........#
#...........


You could see an orc warrior, an orc wizard and an orc.

Vanquished Creatures
  2 ice beasts (D:6)
  An orc warrior (D:7)
  Purgy (Sewer)
  A phantom (D:6)
  A bullfrog (D:6)
  A jelly (D:6)
  A crimson imp (D:6)
  A quasit (D:5)
  2 hounds (D:5)
  A centaur skeleton (D:5)
  An orc priest (D:5)
  5 orc wizards
  Ijyb (D:2)
  6 worker ants
  A hound zombie (D:6)
  2 hound skeletons
  11 adders
  4 oozes
  An adder skeleton (D:5)
  4 worms
  A dart slug (D:3)
  5 leopard geckos
  13 orcs
  3 giant cockroaches
  17 goblins
  13 hobgoblins
  18 jackals
  4 kobolds
  2 quokkas (D:3)
  3 ball pythons
  11 bats
  7 frilled lizards
  10 rats
155 creatures vanquished.

Notes
Turn   | Place    | Note
-------+----------+-------------------------------------------
     0 | D:1      | Peloso the Minotaur Fighter began the quest for the Orb.
     0 | D:1      | Reached XP level 1. HP: 19/19 MP: 0/0
    77 | D:1      | Reached XP level 2. HP: 13/27 MP: 1/1
   764 | D:1      | Reached XP level 3. HP: 33/33 MP: 2/2
  1231 | D:2      | Found an opulent altar of Gozag.
  1341 | D:2      | Noticed Ijyb
  1365 | D:2      | Reached XP level 4. HP: 39/40 MP: 3/3
  1372 | D:2      | Killed Ijyb
  1584 | D:2      | Found a shattered altar of Ashenzari.
  2043 | D:3      | Reached XP level 5. HP: 47/47 MP: 4/4
  2521 | D:4      | Reached skill level 5 in Shields
  2714 | D:4      | Reached skill level 5 in Armour
  2714 | D:4      | Reached XP level 6. HP: 36/55 MP: 5/5
  2989 | D:5      | Entered Level 5 of the Dungeon
  3015 | D:5      | Reached skill level 5 in Fighting
  3062 | D:5      | Found Igotout's Assorted Antiques.
  3117 | D:5      | Reached skill level 5 in Long Blades
  3439 | D:5      | Reached XP level 7. HP: 35/61 MP: 6/6
  4263 | D:6      | Found a sparkling altar of Nemelex Xobeh.
  4560 | D:6      | Reached XP level 8. HP: 60/70 MP: 7/7
  4588 | D:6      | Found a staircase to the Ecumenical Temple.
  4730 | D:6      | Found a glowing drain.
  4739 | Sewer    | Entered a sewer
  4772 | Sewer    | Noticed Purgy
  4779 | Sewer    | Killed Purgy
  5294 | D:7      | HP: 1/71 [orc warrior/scimitar of slicing (12)]
  5294 | D:7      | Slain by an orc warrior

Skill      XL: |  1  2  3  4  5  6  7  8 |
---------------+-------------------------+-----
Fighting       | 4 5 6 |  6.6
Armour         | 4 5 6 |  6.8
Long Blades    | 3 4 5 6 7 |  7.4
Shields        | 4 5 6 7 |  7.1
Dodging        | |  0.9

Action                   |  1- 3 |  4- 6 |  7- 9 || total
-------------------------+-------+-------+-------++-------
Melee: Long sword        |   148 |   220 |   160 ||   528
       Headbutt          |    12 |    41 |    34 ||    87
       Falchion          |       |       |    14 ||    14
  Use: Scroll            |       |     5 |     8 ||    13
       Potion            |       |     2 |     2 ||     4
  Eat: Chunk             |     2 |     7 |    23 ||    32
Armor: Scale mail        |    10 |       |       ||    10
       Plate armour      |    77 |   151 |   102 ||   330
Dodge: Dodged            |    22 |    37 |    34 ||    93
Block: Shield            |    92 |   120 |    76 ||   288
       Rpst.: Long sword |     7 |    14 |    12 ||    33
